 Dungeon Crawl Stone Soup version 0.31-a0-237-g2d982f9f85 (webtiles) character file.

Game seed: 7720716560323213025

299 qw the Shooter (level 6, -6/37 HPs)
             Began as a Gargoyle Hexslinger on July 10, 2023.
             Killed from afar by Dowan (13 damage)
             ... with a shard of ice
             ... on level 3 of the Dungeon.
             The game lasted 00:00:54 (2414 turns).

qw the Shooter (Gargoyle Hexslinger)                Turns: 2414, Time: 00:00:54

Health: -6/37      AC: 10    Str: 12    XL:     6   Next: 36%
Magic:  7/7        EV: 11    Int: 13    God:
Gold:   145        SH:  0    Dex: 14    Spells: 6/7 levels left

rFire   . . .        Y - +2 sling
rCold   . . .        (no shield)
rNeg    + . .        b - +3 leather armour {Will+}
rPois   inf          (no helmet)
rElec   +            (no cloak)
rCorr   .            (no gloves)
SInv    .            (no boots)
Will    +....        (no amulet)
Stlth   +            (no ring)
HPRegen 0.26/turn    (no ring)
MPRegen 0.10/turn

%: no passive effects
@: no status effects
A: sickness immunity, AC +4, negative energy resistance 1, electricity
resistance, torment resistance 1, petrification resistance
a: no special abilities


You were on level 3 of the Dungeon.
You visited 1 branch of the dungeon, and saw 4 of its levels.

You collected 145 gold pieces.


Innate Abilities, Weirdness & Mutations

You are immune to sickness and miasma.
Your stone body is resilient. (AC +4)
You are immune to poison.
You resist negative energy. (rN+)
You are resistant to electric shocks. (rElec)
You are resistant to unholy torment.
You are immune to petrification.


   Skills:
 - Level 3.0 Fighting
 + Level 5.9 Ranged Weapons
 - Level 1.5 Dodging
 - Level 1.0 Spellcasting
 - Level 2.6 Hexes


You had 6 spell levels left.
You knew the following spells:

 Your Spells              Type           Power      Damage    Failure   Level
a - Slow                  Hex            28%        N/A       12%         1

Your spell library contained the following spells:

 Spells                   Type           Power      Damage    Failure   Level
 Inner Flame              Hex/Fire       4%         N/A       52%         3
 Portal Projectile        Hex/Tloc       8%         N/A       52%         3
 Cause Fear               Hex            3%         N/A       75%         4

Inventory:

Hand Weapons
 Y - a +2 sling (weapon)
Armour
 b - a +3 leather armour of willpower (worn)
Scrolls
 a - a scroll of identify
Potions
 c - a potion of invisibility {unknown}
 g - a potion of curing
 h - a potion of haste {unknown}
 i - a potion of berserk rage {unknown}

Dungeon Overview and Level Annotations

Branches:
Dungeon (4/15)
 Temple: D:4-7

Altars:
Qazlal

Annotations:
D:3 1 runed translucent door, Crazy Yiuf, Dowan
D:4 Eustachio


Message History

Dowan casts a spell at you. You resist with almost no effort.
Duvessa closely misses you.
You shoot a sling bullet. The sling bullet barely misses Duvessa.
Dowan hits you but does no damage. Duvessa barely misses you.
You shoot a sling bullet. The sling bullet hits Duvessa.
Duvessa is severely wounded.
Dowan closely misses you. Duvessa hits you with a +0 short sword.
You shoot a sling bullet. The sling bullet hits Duvessa.
Duvessa is almost dead.
Dowan hits you with a +0 dagger. Duvessa closely misses you.
You shoot a sling bullet.
The sling bullet hits Duvessa but does no damage.
Duvessa is almost dead.
Dowan hits you with a +0 dagger. Duvessa hits you but does no damage.
You shoot a sling bullet. The sling bullet hits Duvessa.
Duvessa is almost dead.
Dowan gestures at you while chanting. The puff of flame misses you.
The puff of flame hits Duvessa!
Duvessa dies!
Dowan screams in horror.
Dowan seems to find hidden reserves of power!
Dowan mumbles some strange words.
Dowan blinks!
You have reached level 6!
You shoot a sling bullet. The sling bullet hits Dowan.
Dowan is moderately wounded.
You start resting.
Dowan is nearby!
You shoot a sling bullet. The sling bullet closely misses Dowan.
You shoot a sling bullet. The sling bullet barely misses Dowan.
Dowan hits you but does no damage.
You shoot a sling bullet. The sling bullet closely misses Dowan.
Dowan hits you but does no damage. x2
You shoot a sling bullet. The sling bullet barely misses Dowan.
Dowan hits you but does no damage. x2
You shoot a sling bullet. The sling bullet hits Dowan!
Dowan is heavily wounded.
Dowan points at you and mumbles some strange words.
The shard of ice hits you!
You die...

~....####.#.# #..........# ##.#
~~.#.# #.##.# #.########.# #.#
~~##.# #.##.###.########.# #.#
####.# #..............##.# #.#
#.######.###.#####.##.# #.#
#.##...#.# #.# ##.##.# #.#
#.##.#...# #.# ##...#.# #.#
#.##...### #e###......# #.#
#.###.## #.@)......)# #.#
####.##)..#########.>...#####.#
..............................#
###...#...###########.###########
<........## #.# #.......
###...#..# #######.####.######
.........# #.....)....#.#
.........######.#####.##.#.#
................# #.##<#.#


You could see Dowan (fast).

Vanquished Creatures
  A sky beast (D:3)
  3 gnolls (D:3)
  An adder (D:2)
  A worm (D:2)
  2 dart slugs
  7 ball pythons
  5 endoplasms
  2 giant cockroaches (D:2)
  6 goblins
  6 hobgoblins
  2 jackals (D:3)
  4 kobolds
  3 quokkas
  3 bats
  4 frilled lizards
  7 rats
57 creatures vanquished.

Vanquished Creatures (others)
  Duvessa (D:3)
1 creature vanquished.

Grand Total: 58 creatures vanquished

Notes
Turn   | Place    | Note
-------+----------+-------------------------------------------
     0 | D:1      | qw the Gargoyle Hexslinger began the quest for the Orb.
     0 | D:1      | Reached XP level 1. HP: 12/12 MP: 2/2
     0 | D:1      | 0 ||| qw: Version: 0.3-a-52-g30416fa
     0 | D:1      | 0 ||| qw: Game counter: 5156
     0 | D:1      | 0 ||| qw: Melee chars always use a shield: true
     0 | D:1      | 0 ||| qw: God list: Okawaru
     0 | D:1      | 0 ||| qw: Allow faded altars: false
     0 | D:1      | 0 ||| qw: Do Orc after clearing Dungeon:15 true
     0 | D:1      | 0 ||| qw: Do second Lair branch before Depths: true
     0 | D:1      | 0 ||| qw: Lair rune preference: random
     0 | D:1      | 0 ||| qw: Goals: Normal
     0 | D:1      | 0 ||| PLANNING D:1-11
   168 | D:1      | Reached XP level 2. HP: 16/16 MP: 3/3
   297 | D:1      | Reached skill level 3 in Ranged Weapons
   748 | D:1      | 748 ||| UPGRADING to +0 ring mail.
   758 | D:1      | 758 ||| DROPPING +0 robe.
   759 | D:1      | 759 ||| READING 3 scrolls labelled AZAUTE KEIDDUA.
   760 | D:1      | 760 ||| READING scroll labelled LIAH EGAIN.
   761 | D:1      | 761 ||| READING scroll labelled JEXAUTEIDA.
   762 | D:1      | 762 ||| READING 2 scrolls of identify.
   762 | D:1      | 762 ||| IDENTIFYING fizzy ruby potion
   763 | D:1      | 763 ||| DROPPING scroll of poison.
   822 | D:2      | Reached XP level 3. HP: 18/21 MP: 4/4
   837 | D:2      | Found a faded altar of an unknown god.
  1195 | D:2      | 1195 ||| FLEEEEING.
  1196 | D:2      | 1196 ||| FLEEEEING.
  1197 | D:2      | 1197 ||| FLEEEEING.
  1422 | D:2      | 1422 ||| UPGRADING to +3 leather armour of willpower.
  1432 | D:2      | 1432 ||| DROPPING +0 ring mail.
  1433 | D:2      | 1433 ||| READING scroll labelled ZARI ROITYRATA.
  1572 | D:3      | Reached XP level 4. HP: 26/26 MP: 5/5
  1613 | D:3      | Noticed a sky beast
  1626 | D:3      | Killed a sky beast
  1627 | D:3      | Reached skill level 5 in Ranged Weapons
  1627 | D:3      | Reached XP level 5. HP: 27/30 MP: 6/6
  1635 | D:3      | Found a stormy altar of Qazlal.
  1666 | D:3      | Found a runed translucent door.
  1667 | D:3      | Noticed Crazy Yiuf
  1900 | D:3      | HP: 6/31 [gnoll/+0 spear (6)]
  1900 | D:3      | HP: 1/31 [gnoll/+0 spear (5)]
  1908 | D:3      | Reached skill level 3 in Fighting
  1912 | D:3      | 1912 ||| FLEEEEING.
  1913 | D:3      | 1913 ||| FLEEEEING.
  1919 | D:3      | 1919 ||| STAIRDANCE
  2327 | D:3      | 2327 ||| READING scroll labelled ETA LIKHLACASS.
  2394 | D:4      | Noticed Duvessa
  2394 | D:4      | Noticed Dowan
  2394 | D:4      | Noticed Eustachio
  2397 | D:4      | 2397 ||| STAIRDANCE
  2404 | D:3      | HP: 8/32 [Duvessa/+0 short sword (5)]
  2407 | D:3      | Killed Duvessa
  2408 | D:3      | Reached XP level 6. HP: 5/37 MP: 7/7
  2414 | D:3      | Killed from afar by Dowan

Levels and vault maps discovered:
D:1:      nicolae_arrival_washed_ashore, layout_loops_ring
D:2:      layout_basic, dreamdust_ecumenical_altar_angels_and_demons
D:3:      layout_loops_ring, nicolae_qazlal_beasts_of_the_sky,
          chequers_serial_rivers_small_3, uniq_crazy_yiuf_cottage
D:4:      layout_basic, mainiacjoe_overflow_chevrons,
          minmay_temple_entry_glassed_door, serial_shops, shop, uniq_ijyb,
          uniq_duvessa, uniq_eustachio

Skill      XL: |  1  2  3  4  5 |
---------------+----------------+-----
Ranged Weapons | 3 5 |  5.9
Fighting       | 2 3 |  3.0
Dodging        | |  1.5
Spellcasting   | |  1.0
Hexes          | |  2.6

Action                     |  1- 3 |  4- 6 || total
---------------------------+-------+-------++-------
   Fire: Sling             |   134 |    76 ||   210
    Use: Scroll            |     5 |     1 ||     6
 Armour: Robe              |     9 |       ||     9
         Ring mail         |    11 |       ||    11
         Leather armour    |     3 |    34 ||    37
  Dodge: Dodged            |    38 |    35 ||    73

Table legend:
 A = Non-vault XP
 B = Vault XP
 C = Vault XP percentage of total XP
 D = Non-vault monster count
 E = Vault monster count
 F = Vault count percentage of total count
                 A         B        C        D         E       F
            +---------+---------+-------+---------+---------+-------
      Total |     147 |     281 |  65.7 |      56 |       2 |   3.4
            +---------+---------+-------+---------+---------+-------
        D:1 |      26 |       0 |   0.0 |      15 |       0 |   0.0
        D:2 |      48 |       0 |   0.0 |      20 |       0 |   0.0
        D:3 |      73 |     281 |  79.4 |      21 |       2 |   8.7
            +---------+---------+-------+---------+---------+-------
